 Dungeon Crawl Stone Soup version bcrawl-1.27.8b (webtiles) character file.

Game seed: 17990992013391452887

226182 MisterOstroum the Chopper (level 5, -5/49 HPs)
             Began as a Deep Dwarf Fighter on Nov 12, 2020.
             Was a Believer of Elyvilon.
             Slain by an ogre
             ... wielding a +0 giant club
              (9 damage)
             ... on level 3 of the Dungeon.
             The game lasted 00:02:14 (1699 turns).

MisterOstroum the Chopper (Deep Dwarf Fighter)      Turns: 1699, Time: 00:02:15

Health: -5/49      AC:  6    Str: 20    XL:     5   Next: 73%
Magic:  5/5        EV:  4    Int:  9    God:    Elyvilon [**....]
Gold:   196        SH:  8    Dex: 12    Spells: 4/4 levels left

rFire    . . .     SeeInvis .   a - +0 war axe
rCold    . . .     Gourm    .   c - +0 medium shield
rNeg     . . .     Faith    .   b - +0 scale mail
rPois    .         Spirit   .   (no helmet)
rElec    .         Reflect  .   (no cloak)
rCorr    .         Harm     .   (no gloves)
MR       .....                  (no boots)
Stlth    ..........             (no amulet)
HPRegen  0.00/turn              (no ring)
MPRegen  0.09/turn              (no ring)

@: non-regenerating, heavily drained
A: damage resistance, sense surroundings 1, no regeneration
a: Lesser Healing, Heal Other, Divine Protection, Renounce Religion


You were on level 3 of the Dungeon.
You worshipped Elyvilon.
Elyvilon was pleased with you.
You were not hungry.

You visited 1 branch of the dungeon, and saw 4 of its levels.

You collected 196 gold pieces.

Inventory:

Hand Weapons
 a - a +0 war axe (weapon)
Missiles
 h - 405 stones (quivered)
 m - 151 poisoned tomahawks
 v - 155 arrows
Armour
 b - a +0 scale mail (worn)
 c - a +0 medium shield (worn)
Wands
 u - a wand of random effects (8)
Scrolls
 i - 3 scrolls of noise {unknown}
 j - 2 scrolls of enchant armour {unknown}
 k - a scroll of amnesia {unknown}
 l - 4 scrolls of teleportation {unknown}
 p - a scroll of remove curse {unknown}
 t - a scroll of magic mapping {unknown}
Potions
 d - a potion of might {@q3 !q}
 f - a potion of brilliance {unknown}
 n - a potion of degeneration {unknown}
 o - 2 potions of curing {unknown}
 q - a potion of cancellation {unknown}
 r - a potion of lignification {unknown}
 s - a potion of invisibility {unknown}
Comestibles
 e - 3 rations {!d}


   Skills:
 - Level 3.0(1.8) Fighting
 + Level 6.7(5.3) Axes
 - Level 3.2(2.0) Armour
 - Level 3.2(2.0) Shields


You had 4 spell levels left.
You didn't know any spells.
Your spell library contained the following spells:

 Spells                   Type           Power        Failure   Level  Hunger
 Sandblast                Erth           #.....       100%        1    None
 Passwall                 Tmut/Erth      #.......     100%        2    ####...
 Stone Arrow              Conj/Erth      #.....       100%        3    #####..
 Petrify                  Tmut/Erth      #.........   100%        4    ######.
 Lee's Rapid Deconstruct  Erth           #.........   100%        5    #######


Dungeon Overview and Level Annotations

Branches:
Dungeon (4/12)
 Temple: D:4-7

Altars:

Annotations:
D:3 2 runed translucent doors, cirnu's ghost, weakling DsCK


Innate Abilities, Weirdness & Mutations

You are resistant to damage.
You passively map a small area around you.
You do not regenerate.


Message History

Press: ? - help, Shift-Dir - straight line, f/p - leopard gecko
Aim: a leopard gecko (clinging)
You throw a stone. The stone hits the leopard gecko.
The leopard gecko is lightly wounded.
You hit the leopard gecko.
The leopard gecko is heavily wounded.
The leopard gecko bites you. You block the leopard gecko's attack.
Your shield and scale mail prevent you from hitting the leopard gecko.
The leopard gecko is heavily wounded.
The leopard gecko bites you.
You miss the leopard gecko.
The leopard gecko is heavily wounded.
You block the leopard gecko's attack.
You hit the leopard gecko.
You kill the leopard gecko!
No target in view!
No target in view!
No target in view!
No target in view!
No target in view!
You butcher the leopard gecko corpse.
g - a chunk of flesh You see here a leopard gecko skeleton. x2
v - 155 arrows Eating a chunk of flesh.
You eat the chunk of flesh.
This raw flesh tastes terrible.
There is an open door here.
You can no longer purify yourself.
Key pressed, stopping explore.
You see here a +0 club.
There is an open door here.
There is an open door here.
Cirnu's ghost turns its malevolent gaze towards you.
Partly explored, can't reach some items and places.
No reachable target in view!
No reachable target in view!
No reachable target in view!
No reachable target in view!
No reachable target in view!
No reachable target in view!
No reachable target in view!
No reachable target in view!
No reachable target in view!
Partly explored, can't reach some items and places.
Partly explored, can't reach some items and places.
Unknown command.
Partly explored, can't reach some items and places.
(D) Dungeon
Where to? (Enter - D:3, ? - help)
There is a stone staircase leading down here.
You climb downwards.
A sky beast and an ogre come into view.
You have encountered a dangerous foe!
There is a stone staircase leading up here.
No path to travel!
Throwing (i - inventory. (/) - cycle)
h - 408 stones (quivered)
Press: ? - help, Shift-Dir - straight line, f - ogre
Aim: an ogre, wielding a +0 giant club You throw a stone.
The stone hits the ogre.
The ogre is lightly wounded.
Throwing (i - inventory. (/) - cycle)
h - 407 stones (quivered)
Press: ? - help, Shift-Dir - straight line, f/p - ogre
Aim: an ogre, wielding a +0 giant club (lightly wounded)
You throw a stone.
The stone hits the ogre but does no damage.
The ogre is lightly wounded.
Throwing (i - inventory. (/) - cycle)
h - 406 stones (quivered)
Press: ? - help, Shift-Dir - straight line, f/p - ogre
Aim: an ogre, wielding a +0 giant club (lightly wounded)
You throw a stone. The stone barely misses the ogre.
The ogre hits you with a +0 giant club!!
The sky beast flickers out of sight!
Deactivating autopickup; reactivate with Ctrl-A.
You climb upwards.
Level annotation: 2 runed translucent doors, cirnu's ghost, weakling DsCK Reactivating autopickup.
There is a stone staircase leading down here.
Unknown command.
Your shield prevents you from hitting the ogre.
The ogre is lightly wounded.
The ogre hits you with a +0 giant club.
You hit the ogre.
The ogre is lightly wounded.
The ogre hits you with a +0 giant club!
* * * LOW HITPOINT WARNING * * *
You hit the ogre but do no damage.
The ogre is lightly wounded.
The ogre hits you with a +0 giant club!
* * * LOW HITPOINT WARNING * * *
You block the ogre's attack.
You slash the ogre!
The ogre is heavily wounded.
You block the ogre's attack.
You hit the ogre.
The ogre is severely wounded.
You block the ogre's attack.
Your shield prevents you from hitting the ogre.
The ogre is severely wounded.
The ogre hits you with a +0 giant club!
You die...

##################
.....[.........O@#
#########....###.#
..# #....# #.# #.#
#....###.#
#.#######........#
#............#####
#.#####.#.##.# #.#
#.....##.# .##
#)##..##.#


You could see an ogre.

Vanquished Creatures
  Sigmund (D:2)
  Terence (D:3)
  A worm (D:2)
  A dart slug (D:3)
  2 leopard geckos (D:3)
  4 giant cockroaches
  6 goblins
  11 hobgoblins
  A jackal (D:1)
  5 kobolds
  2 quokkas (D:2)
  6 bats
  2 frilled lizards
  2 rats
45 creatures vanquished.

Notes
Turn   | Place    | Note
-------+----------+-------------------------------------------
     0 | D:1      | MisterOstroum the Deep Dwarf Fighter began the quest for
                  | the Orb.
     0 | D:1      | Reached XP level 1. HP: 21/21 MP: 1/1
    86 | D:1      | Reached skill level 3 in Axes
    86 | D:1      | Reached XP level 2. HP: 21/28 MP: 2/2
   375 | D:2      | Reached ** piety under Elyvilon
   387 | D:2      | Reached XP level 3. HP: 29/34 MP: 3/3
   424 | D:2      | Reached skill level 4 in Axes
   591 | D:2      | Noticed Sigmund
   613 | D:2      | Killed Sigmund
   613 | D:2      | Reached skill level 6 in Axes
   613 | D:2      | Reached XP level 4. HP: 31/42 MP: 1/4
   613 | D:2      | Reached XP level 5. HP: 36/49 MP: 1/5
   671 | D:2      | Found a faded altar of an unknown god.
  1168 | D:3      | Noticed Terence
  1179 | D:3      | Killed Terence
  1345 | D:3      | Found a large runed translucent door.
  1345 | D:3      | Found a large runed translucent door.
  1491 | D:3      | Reached *** piety under Elyvilon
  1654 | D:3      | Noticed cirnu's ghost (weakling DsCK)
  1688 | D:4      | Noticed a sky beast
  1688 | D:4      | Noticed an ogre
  1699 | D:3      | Slain by an ogre

Skill      XL: |  1  2  3 |
---------------+----------+-----
Axes           | 3 6 |  6.7
Fighting       | |  3.0
Armour         | |  3.2
Shields        | |  3.2

Action                   |  1- 3 |  4- 6 || total
-------------------------+-------+-------++-------
Melee: War axe           |   104 |    56 ||   160
Throw: Stone             |    27 |    33 ||    60
Invok: Lesser Healing    |     3 |     1 ||     4
  Eat: Chunk             |     4 |     7 ||    11
Armor: Scale mail        |    33 |    25 ||    58
Dodge: Dodged            |    25 |    13 ||    38
Block: Medium shield     |    58 |    31 ||    89
